 Dungeon Crawl Stone Soup version 0.25.1-2-g60ff931df9 (webtiles) character file.

Game seed: 3188528471331577252

440 Erymatos the Chopper (level 6, 0/56 HPs)
             Began as a Minotaur Berserker on Nov 10, 2020.
             Was a Believer of Trog.
             Slain by Sigmund
             ... wielding a +4 vampiric scythe
              (2 damage)
             ... on level 4 of the Dungeon.
             The game lasted 00:05:00 (2835 turns).

Erymatos the Chopper (Minotaur Berserker)           Turns: 2835, Time: 00:05:00

Health: 0/56       AC:  8    Str: 22    XL:     6   Next: 70%
Magic:  0/5        EV: 12    Int:  4    God:    Trog [**....]
Gold:   204        SH:  0    Dex: 11    Spells: 5/5 levels left

rFire    . . .     SeeInvis .   a - +0 hand axe
rCold    . . .     Gourm    .   (no shield)
rNeg     . . .     Faith    .   k - +0 ring mail
rPois    .         Spirit   +   (helmet restricted)
rElec    .         Reflect  .   u - +1 cloak
rCorr    .         Harm     .   (no gloves)
MR       .....                  (no boots)
Stlth    ..........             q - amulet of guardian spirit
HPRegen  0.18/turn              (no ring)
MPRegen  0.09/turn              (no ring)

@: confused, berserk cooldown, slowed, glowing, very slow
A: retaliatory headbutt, horns 2
a: Berserk, Trog's Hand, Renounce Religion


You were on level 4 of the Dungeon.
You worshipped Trog.
Trog was pleased with you.
You were near starving.

You visited 1 branch of the dungeon, and saw 4 of its levels.

You collected 204 gold pieces.

Inventory:

Hand Weapons
 a - a +0 hand axe (weapon)
Armour
 k - a +0 ring mail (worn)
 u - a +1 cloak (worn)
Jewellery
 q - an amulet of guardian spirit (around neck)
 r - an uncursed ring of fire
Wands
 b - a wand of digging (5)
Scrolls
 g - a scroll of remove curse {unknown}
 i - 4 scrolls of identify {unknown}
 l - a scroll of magic mapping {unknown}
 m - a scroll of teleportation {unknown}
 n - a scroll of fear {unknown}
Potions
 d - 2 potions of curing {unknown}
 e - a potion of ambrosia {unknown}
 f - a potion of heal wounds {unknown}
 h - a potion of degeneration {unknown}
 j - a potion of cancellation {unknown}
 o - a potion of mutation {unknown}
 p - a potion of stabbing {unknown}
 s - a potion of might {unknown}
 t - a potion of brilliance {unknown}
Comestibles
 c - 8 rations


   Skills:
 + Level 5.5 Fighting
 + Level 6.6 Axes
 + Level 4.0 Armour
 + Level 3.6 Dodging


You had 5 spell levels left.
You didn't know any spells.
Your spell library was empty.

Dungeon Overview and Level Annotations

Branches:
Dungeon (4/15)
 Temple: D:4-7

Altars:
Makhleb
Nemelex Xobeh

Annotations:
D:4 Sigmund


Innate Abilities, Weirdness & Mutations

You reflexively headbutt those who attack you in melee.
You have a pair of horns on your head.


Message History

You slash something! Something hits you but does no damage.
You miss something. Something barely misses you.
Unknown command.
You hit something. Your headbutt misses something. Something hits you.
You closely miss something. Something hits you!
* * * LOW HITPOINT WARNING * * *
You hit something but do no damage.
Sigmund appears from thin air!
Reactivating autopickup.
Sigmund hits you with a +4 vampiric scythe!
* * * LOW HITPOINT WARNING * * *
You slash Sigmund! Your headbutt misses Sigmund.
Sigmund is heavily wounded.
Sigmund points at you and mumbles some strange words.
You are confused.
Sigmund points at you and mumbles some strange words.
You resist with some effort.
You hit Sigmund but do no damage. You headbutt Sigmund.
Sigmund is heavily wounded.
Sigmund hits you with a +4 vampiric scythe.
You die...

#.#.#.######.#
...#.# # .# #.#
#.## #..# #/.#
#..# #).#####.##
#))@@...)..
......).........
....##..##.##.#.
... ..... ... ..
.##... ### .<.
#...# . ##..#
...#


You could see Sigmund.

Vanquished Creatures
  Grinder (D:3)
  A gnoll shaman (D:4)
  An orc priest (D:3)
  Terence (D:2)
  6 gnolls
  2 adders (D:2)
  2 oozes
  3 worms
  A dart slug (D:1)
  13 orcs
  A giant cockroach (D:3)
  6 goblins
  7 hobgoblins
  4 jackals (D:1)
  A quokka (D:4)
  A ball python skeleton (D:4)
  4 bats
  2 frilled lizards
  A kobold (D:3)
  9 rats
  3 toadstools (D:1)
70 creatures vanquished.

Vanquished Creatures (others)
  A toadstool (D:1)
1 creature vanquished.

Grand Total: 71 creatures vanquished

Notes
Turn   | Place    | Note
-------+----------+-------------------------------------------
     0 | D:1      | Erymatos the Minotaur Berserker began the quest for the
                  | Orb.
     0 | D:1      | Reached XP level 1. HP: 19/19 MP: 0/0
    54 | D:1      | Reached skill level 4 in Axes
    54 | D:1      | Reached XP level 2. HP: 24/27 MP: 1/1
   461 | D:1      | Reached XP level 3. HP: 33/33 MP: 2/2
   915 | D:2      | Reached ** piety under Trog
   937 | D:2      | Noticed Terence
   945 | D:2      | Killed Terence
   955 | D:2      | Reached XP level 4. HP: 41/41 MP: 3/3
  1207 | D:2      | Found a sparkling altar of Nemelex Xobeh.
  1434 | D:2      | Found a sparkling altar of Nemelex Xobeh.
  1693 | D:3      | Found a burning altar of Makhleb.
  1705 | D:3      | Noticed Grinder
  1711 | D:3      | Reached skill level 5 in Axes
  1712 | D:3      | Reached XP level 5. HP: 28/47 MP: 4/4
  1727 | D:3      | Paralysed by Grinder for 4 turns
  1734 | D:3      | Paralysed by Grinder for 6 turns
  2036 | D:3      | Paralysed by Grinder for 6 turns
  2251 | D:3      | Paralysed by Grinder for 6 turns
  2264 | D:3      | Killed Grinder
  2264 | D:3      | Reached skill level 5 in Fighting
  2264 | D:3      | Reached skill level 6 in Axes
  2264 | D:3      | Reached XP level 6. HP: 54/56 MP: 5/5
  2806 | D:4      | Noticed Sigmund
  2833 | D:4      | HP: 1/56 [Sigmund/+4 vampiric scythe (8)]
  2835 | D:4      | Slain by Sigmund

Illustrated notes

Levels and vault maps discovered:
D:1:      ldierk_water_garden, layout_loops_ring
D:2:      layout_rooms, old_standard_altar, nemelex_dance_club_becter,
          uniq_terence
D:3:      layout_rooms, overflow_temple_1_default, uniq_grinder
D:4:      layout_loops_ring, gammafunk_temple_overflow_wave, uniq_sigmund

Skill      XL: |  1  2  3  4  5  6 |
---------------+-------------------+-----
Axes           | 4 5 6 |  6.6
Fighting       | 4 5 |  5.5
Armour         | 3 4 |  4.0
Dodging        | 3 |  3.6

Action                   |  1- 3 |  4- 6 || total
-------------------------+-------+-------++-------
Melee: Hand axe          |    66 |    84 ||   150
       Headbutt          |    12 |    15 ||    27
Invok: Berserk           |     1 |     3 ||     4
  Eat: Chunk             |       |     4 ||     4
       Ration            |       |     1 ||     1
Armor: Animal skin       |    13 |       ||    13
       Ring mail         |       |    31 ||    31
Dodge: Dodged            |    32 |    60 ||    92
